 Dungeon Crawl Stone Soup version 0.31-a0-188-g5e087ee2ca (webtiles) character file.

Game seed: 9300386772768430152

126 qw the Skirmisher (level 4, -6/25 HPs)
             Began as a Deep Elf Hunter on June 23, 2023.
             Mangled by a gnoll
             ... wielding a +0 flail
              (12 damage)
             ... on level 2 of the Dungeon.
             The game lasted 00:00:30 (921 turns).

qw the Skirmisher (Deep Elf Hunter)                  Turns: 921, Time: 00:00:31

Health: -6/25      AC:  5    Str: 10    XL:     4   Next: 83%
Magic:  6/6        EV: 12    Int: 14    God:
Gold:   107        SH:  0    Dex: 18    Spells: 3/3 levels left

rFire   . . .        Y - +0 shortbow
rCold   . . .        (shield currently unavailable)
rNeg    . . .        c - +0 leather armour
rPois   .            e - +2 hat
rElec   .            (no cloak)
rCorr   .            (no gloves)
SInv    .            (no boots)
Will    .....        (no amulet)
Stlth   ++           (no ring)
HPRegen 0.24/turn    (no ring)
MPRegen 0.10/turn

%: no passive effects
@: about to teleport
A: no striking features
a: no special abilities


You were on level 2 of the Dungeon.
You visited 1 branch of the dungeon, and saw 2 of its levels.

You collected 107 gold pieces.


   Skills:
 - Level 1.5 Fighting
 + Level 8.2 Ranged Weapons
 - Level 2.4 Dodging
 - Level 1.2 Stealth


You had 3 spell levels left.
You didn't know any spells.
Your spell library was empty.

Inventory:

Hand Weapons
 Y - a +0 shortbow (weapon)
Armour
 c - a +0 leather armour (worn)
 e - a +2 hat (worn)
 f - a +0 scale mail
Jewellery
 d - a ring of fire
Scrolls
 a - a scroll of enchant weapon {unknown}
Potions
 b - a potion of lignification {unknown}
 g - a potion of brilliance {unknown}

Dungeon Overview and Level Annotations

Branches:
Dungeon (2/15)

Altars:


Message History

You shoot an arrow. The arrow closely misses the adder.
The adder bites you but does no damage.
A gnoll comes into view. It is wielding a +0 flail.
The adder bites you but does no damage.
You shoot an arrow. The arrow closely misses the adder.
You hear a shout!
The adder closely misses you.
You hear a shout!
You shoot an arrow. The arrow hits the adder!
You kill the adder!
You shoot an arrow. The arrow barely misses the gnoll.
A gnoll comes into view. It is wielding a +0 whip.
You shoot an arrow. The arrow barely misses the gnoll.
You shoot an arrow. The arrow barely misses the gnoll.
You shoot an arrow.
The arrow hits the gnoll but does no damage.
The gnoll hits you with a +0 flail. The gnoll hits you with a +0 whip.
You shoot an arrow. The arrow hits the gnoll.
The gnoll is moderately wounded.
The gnoll barely misses you. The gnoll hits you with a +0 whip.
You shoot an arrow. The arrow hits the gnoll!
You kill the gnoll!
The gnoll hits you with a +0 flail.
You shoot an arrow. The arrow barely misses the gnoll.
The gnoll hits you with a +0 flail.
A gnoll comes into view. It is wielding a +0 flail.
You shoot an arrow.
The arrow hits the gnoll but does no damage.
The gnoll barely misses you.
You shoot an arrow.
The arrow hits the gnoll but does no damage.
The gnoll closely misses you.
You shoot an arrow. The arrow hits the gnoll.
The gnoll is heavily wounded.
The gnoll hits you with a +0 flail. The gnoll barely misses you.
921 ||| READING scroll of teleportation.
As you read the scroll of teleportation, it crumbles to dust.
You feel strangely unstable. The gnoll hits you with a +0 flail!
You die...

.#. ...
#.#.. #.#.#
# #.#.#.#
#.#.#.####.
#..gg......
#.@# #..#
#..# #..#
#..# ##.##
#.## ##.#
#.##


You could see 2 gnolls.

Vanquished Creatures
  Terence (D:2)
  4 gnolls (D:2)
  3 adders (D:2)
  A worm (D:2)
  A giant cockroach (D:1)
  2 goblins (D:1)
  2 hobgoblins (D:2)
  5 jackals
  A quokka (D:1)
  4 ball pythons
  A bat (D:1)
  4 frilled lizards
  2 kobolds (D:1)
  3 rats
  A spectral goblin (D:2)
35 creatures vanquished.

Notes
Turn   | Place    | Note
-------+----------+-------------------------------------------
     0 | D:1      | qw the Deep Elf Hunter began the quest for the Orb.
     0 | D:1      | Reached XP level 1. HP: 12/12 MP: 3/3
     0 | D:1      | 0 ||| qw: Version: 0.3-a-9-g12657ce
     0 | D:1      | 0 ||| qw: Game counter: 3315
     0 | D:1      | 0 ||| qw: Always use a shield: true
     0 | D:1      | 0 ||| qw: God list: Okawaru
     0 | D:1      | 0 ||| qw: Allow faded altars: false
     0 | D:1      | 0 ||| qw: Do Orc after D:15 true
     0 | D:1      | 0 ||| qw: Do second Lair branch before Depths: true
     0 | D:1      | 0 ||| qw: Lair rune preference: random
     0 | D:1      | 0 ||| qw: Plans: Normal
     0 | D:1      | 0 ||| PLANNING D:1-11
   262 | D:1      | Reached XP level 2. HP: 16/16 MP: 4/4
   268 | D:1      | Reached skill level 6 in Ranged Weapons
   478 | D:1      | 478 ||| UPGRADING to +2 hat.
   483 | D:1      | 483 ||| DROPPING ring of flight.
   484 | D:1      | 484 ||| READING 2 scrolls labelled FEATRORGH XYBAW.
   485 | D:1      | 485 ||| READING 2 scrolls labelled VEES XAKHLYIN.
   489 | D:1      | 489 ||| READING scroll labelled FUGYFF NONUNG.
   490 | D:1      | 490 ||| DROPPING scroll of revelation.
   491 | D:1      | 491 ||| DROPPING scroll of butterflies.
   534 | D:2      | Found a faded altar of an unknown god.
   544 | D:2      | 544 ||| Stepping ~*~*~tactically~*~*~ (water).
   553 | D:2      | Reached XP level 3. HP: 17/19 MP: 5/5
   564 | D:2      | HP: 5/20 [poisoned by an adder]
   678 | D:2      | Reached skill level 7 in Ranged Weapons
   759 | D:2      | Noticed Terence
   762 | D:2      | 762 ||| FLEEEEING.
   763 | D:2      | 763 ||| FLEEEEING.
   764 | D:2      | 764 ||| FLEEEEING.
   765 | D:2      | 765 ||| FLEEEEING.
   766 | D:2      | 766 ||| FLEEEEING.
   770 | D:2      | 770 ||| FLEEEEING.
   771 | D:2      | 771 ||| FLEEEEING.
   773 | D:2      | 773 ||| FLEEEEING.
   774 | D:2      | 774 ||| FLEEEEING.
   775 | D:2      | 775 ||| FLEEEEING.
   776 | D:2      | 776 ||| FLEEEEING.
   777 | D:2      | 777 ||| FLEEEEING.
   778 | D:2      | 778 ||| FLEEEEING.
   779 | D:2      | 779 ||| FLEEEEING.
   780 | D:2      | 780 ||| FLEEEEING.
   786 | D:2      | Reached XP level 4. HP: 25/25 MP: 6/6
   807 | D:2      | Killed Terence
   808 | D:2      | Reached skill level 8 in Ranged Weapons
   920 | D:2      | HP: 6/25 [gnoll/+0 flail (6)]
   921 | D:2      | 921 ||| READING scroll of teleportation.
   921 | D:2      | Mangled by a gnoll

Levels and vault maps discovered:
D:1:      lemuel_arrival_behind_the_door_small, layout_rooms, bh_walls_and_bars
D:2:      layout_loops_ring, dreamdust_ecumenical_altar_drowned_temple,
          wander_ebering_terrifying_dragon_lair, uniq_terence

Skill      XL: |  1  2  3  4 |
---------------+-------------+-----
Ranged Weapons | 6 7 8 |  8.2
Fighting       | |  1.5
Dodging        | |  2.4
Stealth        | |  1.2

Action                     |  1- 3 |  4- 6 || total
---------------------------+-------+-------++-------
   Fire: Shortbow          |    80 |    38 ||   118
    Use: Scroll            |     3 |     1 ||     4
 Armour: Leather armour    |    10 |     6 ||    16
  Dodge: Dodged            |    20 |    17 ||    37

Table legend:
 A = Non-vault XP
 B = Vault XP
 C = Vault XP percentage of total XP
 D = Non-vault monster count
 E = Vault monster count
 F = Vault count percentage of total count
                 A         B        C        D         E       F
            +---------+---------+-------+---------+---------+-------
      Total |     143 |      37 |  20.6 |      33 |       2 |   5.7
            +---------+---------+-------+---------+---------+-------
        D:1 |      27 |       0 |   0.0 |      18 |       0 |   0.0
        D:2 |     116 |      37 |  24.2 |      15 |       2 |  11.8
            +---------+---------+-------+---------+---------+-------
